 Dungeon Crawl Stone Soup version 0.29-a0-284-gf9362112df (webtiles) character file.

Game seed: 12781078680347139711

6 croobank the Skirmisher (level 1, 0/20 HPs)
             Began as a Hill Orc Fighter on Mar 15, 2022.
             Slain by a bat (1 damage)
             ... on level 1 of the Dungeon.
             The game lasted 00:00:34 (141 turns).

croobank the Skirmisher (Hill Orc Fighter)           Turns: 141, Time: 00:00:35

Health: 0/20       AC:  6    Str: 18    XL:     1   Next: 90%
Magic:  1/1        EV:  9    Int:  8    God:
Gold:   0          SH:  4    Dex: 10    Spells: 0/0 levels left

rFire   . . .      SeeInvis .   a - +0 war axe
rCold   . . .      Faith    .   c - +0 buckler
rNeg    . . .      Spirit   .   b - +0 scale mail
rPois   .          Reflect  .   (no helmet)
rElec   .          Harm     .   (no cloak)
rCorr   .          Rampage  .   (no gloves)
Will    .....                   (no boots)
Stlth   ..........              (no amulet)
HPRegen 0.06/turn               (no ring)
MPRegen 0.07/turn               (no ring)

@: no status effects
A: no striking features
a: no special abilities


You were on level 1 of the Dungeon.
You visited 1 branch of the dungeon, and saw 1 of its levels.

Inventory:

Hand Weapons
 a - a +0 war axe (weapon)
Missiles
 e - 31 stones (quivered)
Armour
 b - a +0 scale mail (worn)
 c - a +0 buckler (worn)
Potions
 d - a potion of might
 f - a potion of haste {unknown}


   Skills:
 + Level 3.7 Fighting
 + Level 2.9 Axes
 + Level 3.4 Armour
 + Level 3.4 Shields


You couldn't memorise any spells.
You didn't know any spells.
Your spell library was empty.

Dungeon Overview and Level Annotations

Branches:
Dungeon (1/15)

Altars:


Message History

You are frozen.
Something bites the fungus.
A goblin comes into view. It is wielding a +0 club.
Found 14 gold pieces.
The endoplasm barely misses you.
You see here a jackal corpse.
You barely miss the endoplasm.
The endoplasm is almost dead.
The endoplasm freezes you.
You are frozen.
The endoplasm completely misses you. The jackal bites you.
You hit the endoplasm but do no damage.
The endoplasm is almost dead.
You hit the jackal.
A nearby fungus withers and dies.
The jackal bites you but does no damage.
The endoplasm hits you but does no damage.
The jackal bites you but does no damage.
You barely miss the endoplasm.
The endoplasm is almost dead.
You closely miss the jackal.
The jackal barks!
You hear an angry hiss.
A bat comes into view.
A hobgoblin comes into view.
The endoplasm freezes you.
You are frozen.
The jackal bites you but does no damage.
The endoplasm freezes you.
You are frozen.
The jackal misses you. The jackal attacks as you move away!
The jackal bites you.
* * * LOW HITPOINT WARNING * * *
The endoplasm attacks as you move away! You block the endoplasm's attack.
The hobgoblin shouts!
You block the jackal's attack. The endoplasm freezes you.
You are frozen.
* * * LOW HITPOINT WARNING * * *
You block the bat's attack.
You see here a rat corpse.
The endoplasm attacks as you move away!
The endoplasm hits you but does no damage.
You hit the endoplasm.
You kill the endoplasm!
The bat hits you.
You die...

................#.#.#..#
#. ........
......#....#.# #.
..#...... ..### #.#.##.#
#. ......g.###.#
#.#.##.# ## .Sh....h.#
.# #.#.##.# ♣†.##.#
#.#.##.# P♣.♣♣.....#
#>#.##.#
.PP_PP...g######.#.# .#
...♣.♣...h.b@....#.# P
♣P♣PP.#.########.#
.......#.# #.#
.......##.# ..#
...#.#.##.# ###... #.#
#.## #.# #.#


You could see a jackal, a goblin and a bat.

Vanquished Creatures
  An endoplasm (D:1)
  A giant cockroach (D:1)
  A jackal (D:1)
  A quokka (D:1)
  A bat (D:1)
  2 rats (D:1)
7 creatures vanquished.

Vanquished Creatures (others)
  3 fungi (D:1)
3 creatures vanquished.

Grand Total: 10 creatures vanquished

Notes
Turn   | Place    | Note
-------+----------+-------------------------------------------
     0 | D:1      | croobank the Hill Orc Fighter began the quest for the Orb.
     0 | D:1      | Reached XP level 1. HP: 19/19 MP: 1/1
   123 | D:1      | Found a faded altar of an unknown god.
   138 | D:1      | HP: 1/20 [frozen (5)]
   141 | D:1      | Slain by a bat

Illustrated notes

Levels and vault maps discovered:
D:1:      onia_arrival_mini_spirals, layout_loops_ring,
          dreamdust_ecumenical_altar_grove, minivault_19

Action                   || total
-------------------------++-------
Melee: War axe           ||    18
Armor: Scale mail        ||    14
Dodge: Dodged            ||     4
Block: Buckler           ||     5

Table legend: (Time is in decaauts)
 A = Elapsed time spent in this place.
 B = Non-inter-level travel time spent in this place.
 C = Inter-level travel time spent in this place.
 D = Time resting spent in this place.
 E = Time spent auto-exploring this place.
 F = Levels seen in this place.
 G = Mean time per level.
                   A        B        C        D        E       F      G
               +--------+--------+--------+--------+--------+-----+--------+
         Total |    148 |    148 |      0 |      0 |     73 |   1 |  148.0 |
       Dungeon |    148 |    148 |      0 |      0 |     73 |   1 |  148.0 |
               +--------+--------+--------+--------+--------+-----+--------+

Top non-repeatable levels by time:
     D:1: 148 daAuts
